 Dungeon Sprint DCSS version 0.32-a0-473-gd044c6f0f0 (webtiles) character file.

Game seed: 6420618466771858915

105 rocky1 the Cudgeller (level 4, -2/50 HPs)
             Began as an Oni Gladiator on Feb 26, 2024.
             Slain by an iguana (13 damage)
             ... in the Dungeon (Sprint IX: "|||||||||||||||||||||||||||||").
             The game lasted 00:00:25 (81 turns).

rocky1 the Cudgeller (Oni Gladiator)                  Turns: 81, Time: 00:00:25

Health: -2/50      AC:  3    Str: 20    XL:     4   Next: 83%
Magic:  4/4        EV: 11    Int:  9    God:
Gold:   0          SH:  0    Dex: 10    Spells: 3/3 levels left

rFire   . . .        a - +0 flail
rCold   . . .        (no shield)
rNeg    . . .        b - +0 robe
rPois   .            c - +0 hat
rElec   .            (no cloak)
rCorr   .            (gloves unavailable)
SInv    .            (boots unavailable)
Will    .....        (no amulet)
Stlth   +            (no ring)
HPRegen 0.28/turn    (no ring)
MPRegen 0.09/turn

%: no teleportation
@: no status effects
A: large, unfitting armour, horns 1, tough skin 1, double potion healing,
drunken brawling
a: no special abilities


You were in the Dungeon.
You visited 1 branch

Inventory:

Hand Weapons
 a - a +0 flail (weapon)
Missiles
 d - a throwing net (quivered)
 e - a large rock
Armour
 b - a +0 robe (worn)
 c - a +0 hat (worn)
Scrolls
 k - a scroll of blinking
Potions
 f - a potion of curing
 g - a potion of heal wounds
 h - a potion of haste
 i - 2 potions of magic
 j - a potion of berserk rage


   Skills:
 + Level 5.2 Fighting
 + Level 6.6 Maces & Flails
 - Level 2.1 Throwing
 + Level 6.0 Dodging


You had 3 spell levels left.
You didn't know any spells.
Your spell library was empty.

Dungeon Overview and Level Annotations

Branches:
Dungeon (1/1)

Altars:


Innate Abilities, Weirdness & Mutations

You are too large for most types of armour.
You have a pair of small horns on your head.
You have tough skin. (AC +1)
You gain doubled healing and magic from potions.
Whenever you drink a healing potion, you attack all around you.


Message History

The throwing net barely misses the scorpion.
The throwing net closely misses the iguana.
The scorpion barely misses you.
Throw: 2 throwing nets
Press: ? - help, Q - select action, (/) - cycle Shift-Dir - straight line, f/p - scorpion
Aim: a scorpion (56% to hit)
You throw a throwing net. The throwing net hits the scorpion.
The scorpion is caught in the net!
The scorpion struggles against the net.
You hit the scorpion. You headbutt the scorpion!
The scorpion is heavily wounded.
The scorpion struggles against the net.
You hit the scorpion.
The scorpion is severely wounded.
The scorpion struggles against the net. x2
You hit the scorpion.
The scorpion is severely wounded.
The scorpion struggles against the net.
The net rips apart, and the scorpion comes free!
You closely miss the scorpion.
You headbutt the scorpion, but do no damage.
The scorpion is severely wounded.
The scorpion closely misses you.
You sock the scorpion!
You kill the scorpion!
Your Fighting skill increases to level 5!
Your Maces & Flails skill increases to level 6!
Your Dodging skill gained 2 levels and is now at level 6!
You have reached level 4!
You hit the iguana. You headbutt the iguana!
The iguana is almost dead.
The iguana closely misses you.
You barely miss the iguana. Your headbutt misses the iguana.
The iguana is almost dead.
The iguana bites you!
* * * LOW HITPOINT WARNING * * *
You barely miss the iguana.
The iguana is almost dead.
The iguana bites you!
You die... ▓▓▓▓▓▓▓▓▓▓▓▓▓▓▓▓▓▓ ▓<...)....@l....(+ ▓▓▓▓▓▓▓▓▓▓▓▓▓▓▓▓▓▓

You could see an iguana.

Vanquished Creatures
  A scorpion (D)
  A hound (D)
  An adder (D)
  An orc (D)
  2 goblins (D)
  A hobgoblin (D)
  A jackal (D)
  A ball python (D)
9 creatures vanquished.

Notes
Turn   | Place    | Note
-------+----------+-------------------------------------------
     0 | D        | rocky1 the Oni Gladiator began the quest for the Orb.
     0 | D        | Reached XP level 1. HP: 22/22 MP: 1/1
    57 | D        | Noticed a hound
    57 | D        | Noticed a scorpion
    57 | D        | Noticed an iguana
    63 | D        | Reached XP level 2. HP: 22/31 MP: 2/2
    71 | D        | Reached skill level 5 in Maces & Flails
    71 | D        | Reached XP level 3. HP: 14/39 MP: 3/3
    78 | D        | Killed a scorpion
    79 | D        | Reached skill level 5 in Fighting
    79 | D        | Reached XP level 4. HP: 21/50 MP: 4/4
    81 | D        | Slain by an iguana

Illustrated notes

Levels and vault maps discovered:
D:        linesprint [early_d, line_temple, items_1, d_10, items_2, lair_1,
          lair_end, items_3, orc_1, orc_end, items_4, d_15, swamp_1, shoals_1,
          snake_1, spider_1, d_20, vaults_1, items_5, swamp_end, shoals_end,
          snake_end, spider_end, vaults_end, d_27, items_6, zot_1, zot_end,
          crypt_end, forest_end, elf_end, slime_end, tomb_end, abyss_end,
          pan_hell_end]

Skill      XL: |  1  2  3 |
---------------+----------+-----
Dodging        | 3 4 6 |  6.0
Fighting       | 3 4 5 |  5.2
Maces & Flails | 4 5 6 |  6.6
Throwing       | |  2.1

Action                     |  1- 3 |  4- 6 || total
---------------------------+-------+-------++-------
  Melee: Flail             |    38 |     3 ||    41
         Headbutt          |     5 |     1 ||     6
  Throw: Throwing net      |     2 |       ||     2
 Armour: Robe              |    21 |     2 ||    23
  Dodge: Dodged            |    19 |     1 ||    20

Table legend: (Time is in decaauts)
 A = Elapsed time spent in this place.
 B = Non-inter-level travel time spent in this place.
 C = Inter-level travel time spent in this place.
 D = Time resting spent in this place.
 E = Time spent auto-exploring this place.
 F = Levels seen in this place.
 G = Mean time per level.
                   A        B        C        D        E       F      G
               +--------+--------+--------+--------+--------+-----+--------+
         Total |     88 |     88 |      0 |     28 |      0 |   1 |   88.0 |
       Dungeon |     88 |     88 |      0 |     28 |      0 |   1 |   88.0 |
               +--------+--------+--------+--------+--------+-----+--------+

Top non-repeatable levels by time:
       D: 88 daAuts
